 Dungeon Sprint DCSS version 0.24-b1-48-gd9db55c (webtiles) character file.

Game seed: 12787563368843454164, levelgen mode: deterministic

10300000 Fang the Conqueror (level 27, -11/244 (249) HPs)
             Began as a Demonspawn Gladiator on Oct 24, 2019.
             Was the Champion of Makhleb.
             Killed by divine providence
             ... invoked by an accursed
              (16 damage)
             ... in the Dungeon (Sprint VIII: "Arena of Blood").
             The game lasted 00:01:55 (103 turns).

Fang the Conqueror (Demonspawn Gladiator)            Turns: 103, Time: 00:01:56

HP:   -11/244 (249) AC:  8    Str: 29    XL:     27
MP:   54/54         EV: 44    Int: 10    God:    Makhleb [******]
Gold: 0             SH:  0    Dex: 29    Spells: 80/80 levels left

rFire    . . .     SeeInvis .   l - +∞ Axe of Woe
rCold    + . .     Gourm    .   (shield currently unavailable)
rNeg     . . .     Faith    .   b - +0 leather armour
rPois    .         Spirit   .   c - +0 helmet
rElec    .         Reflect  .   (no cloak)
rCorr    .         Harm     .   (no gloves)
MR       ++...     NoTele   +   (boots unavailable)
Stlth    ++++++++++             (no amulet)
HPRegen  10.50/turn             m - +30 ring of slaying
MPRegen  0.34/turn              (no ring)

@: mighty, agile
A: hooves 3, thin skeletal structure 3, cold resistance 1, passive freeze,
powered by death 3, powered by pain 3, freezing cloud immunity
a: Minor Destruction, Lesser Servant of Makhleb, Major Destruction, Greater
Servant of Makhleb, Renounce Religion


You were in the Dungeon.
You worshipped Makhleb.
Makhleb was exalted by your worship.
You were not hungry.

You visited 1 branch

Inventory:

Hand Weapons
 a - a +0 war axe
 l - the +∞ Axe of Woe (weapon)
   (You found it in the Dungeon)
Missiles
 d - 3 throwing nets (quivered)
Armour
 b - a +0 leather armour (worn)
 c - a +0 helmet (worn)
Jewellery
 m - a +30 ring of slaying (left hand)
Scrolls
 k - a scroll of blinking
Potions
 e - a potion of curing
 g - a potion of heal wounds
 h - a potion of haste
 i - 2 potions of magic
 j - a potion of berserk rage
Comestibles
 f - a ration


   Skills:
 O Level 27 Fighting
 O Level 27 Axes
 O Level 27 Throwing
 O Level 27 Armour
 O Level 27 Dodging
 O Level 27 Stealth
 O Level 27 Unarmed Combat
 O Level 27 Spellcasting
 O Level 27 Invocations


You had 80 spell levels left.
You didn't know any spells.
Your spell library was empty.

Dungeon Overview and Level Annotations

Branches:
Dungeon (1/1)

Altars:
Makhleb


Innate Abilities, Weirdness & Mutations

You have hooves in place of feet.
You have an unnaturally thin skeletal structure. (Dex +6, Stealth++)
Your flesh is cold resistant. (rC+)
A frigid envelope surrounds you and freezes all who hurt you.
You regenerate a lot of health from kills.
You are powered by pain.
You are immune to freezing clouds.


Message History

You pulverise the tentacled monstrosity into a thin bloody mist.
You kill the tentacled monstrosity!
You hear a shout! x2
The meat beast is engulfed in blazing flames.
The accursed casts a spell at you. Something smites you!
* * * LOW HITPOINT WARNING * * *
You hear a shout!
A bag of meat comes into view. It is wielding a +9 war axe.
The eight-headed meat hydra calls on the powers of darkness!
The eight-headed meat hydra convulses!
The bag of meat convulses! x2
Your body is wracked with pain!
* * * LOW HITPOINT WARNING * * *
The meat berserker convulses!
The bag of meat convulses! x4
The large bag of meat convulses!
The bag of meat convulses! x4
The accursed is engulfed in blazing flames.
You hear a shout! x2
The accursed gestures at you while chanting.
Something smites you!
You die... ..... .....o. ...... .oMo.O... ...... #2ooxM..# ..#... #oooo{.O#

.....%###OoOo .o###.
.......°.§§###......
...#..)°°M§§_......
.#.O.Do°)#.....#
......o2@#_.<%_#
.#....§§§#))...#...
...#...WooX)_......
.........))###......
......###.2.. ..###.
...... #...o...#
...... #..oO...#
...... ...z.oo.. .#.
..........


You could see 3 accurseds, 3 meat beasts, an eight-headed meat hydra, a sculptor
of flesh, 3 large bags of meat, a dread, 2 meat berserkers, 17 bags of meat and
a crawling corpse.

Vanquished Creatures
  Sigmund (D)
  7 hell beasts (D)
  2 greater mummies (D)
  A great orb of eyes (D)
  3 wraiths (D)
  19 vampire knights (D)
  40 ogres (D)
  7 two-headed ogres (D)
  7 liches (D)
  80 orcs (D)
  3 phantoms (D)
  6 skeletal warriors (D)
  5 large abominations (D)
  14 small abominations (D)
  23 crawling corpses (D)
218 creatures vanquished.

Vanquished Creatures (others)
  An ogre (D)
  A two-headed ogre (D)
  An orc (D)
  6 crawling corpses (D)
9 creatures vanquished.

Grand Total: 227 creatures vanquished

Notes
Turn   | Place    | Note
-------+----------+-------------------------------------------
     0 | D        | Found the +∞ Axe of Woe
     0 | D        | Fang the Demonspawn Gladiator began the quest for the Orb.
     0 | D        | Reached XP level 1. HP: 16/16 MP: 1/1
     4 | D        | Became a worshipper of Makhleb the Destroyer
     5 | D        | Noticed a bag of meat
     8 | D        | Noticed a meat berserker
     8 | D        | Noticed a bag of meat
     9 | D        | Noticed a bag of meat
    10 | D        | Killed a bag of meat
    10 | D        | Gained mutation: You have a somewhat thin skeletal
                  | structure. (Dex +2, Stealth) [demonic ancestry]
    10 | D        | Reached XP level 2. HP: 43/43 MP: 2/2
    10 | D        | Reached XP level 3. HP: 49/49 MP: 3/3
    10 | D        | Reached XP level 4. HP: 56/56 MP: 4/4
    10 | D        | Gained mutation: You have a moderately thin skeletal
                  | structure. (Dex +4, Stealth+) [demonic ancestry]
    10 | D        | Reached XP level 5. HP: 62/62 MP: 5/5
    10 | D        | Gained mutation: You sometimes gain a little power by
                  | taking damage. [demonic ancestry]
    10 | D        | Reached XP level 6. HP: 69/69 MP: 6/6
    10 | D        | Reached XP level 7. HP: 75/75 MP: 7/7
    10 | D        | Reached XP level 8. HP: 82/82 MP: 8/8
    10 | D        | Gained mutation: You have large cloven feet. [demonic
                  | ancestry]
    10 | D        | Reached XP level 9. HP: 88/88 MP: 9/9
    10 | D        | Gained mutation: You have hoof-like feet. [demonic
                  | ancestry]
    10 | D        | Reached XP level 10. HP: 95/95 MP: 10/10
    10 | D        | Gained mutation: You sometimes gain power by taking damage.
                  | [demonic ancestry]
    10 | D        | Reached XP level 11. HP: 101/101 MP: 11/11
    11 | D        | Noticed a meat berserker
    11 | D        | Killed a bag of meat
    11 | D        | Reached * piety under Makhleb
    11 | D        | Reached skill level 15 in Axes
    11 | D        | Reached skill level 15 in Throwing
    11 | D        | Reached skill level 15 in Dodging
    11 | D        | Gained mutation: You are powered by pain. [demonic
                  | ancestry]
    11 | D        | Reached XP level 12. HP: 113/113 MP: 12/12
    11 | D        | Noticed a bag of meat
    11 | D        | Noticed a bag of meat
    12 | D        | Killed a meat berserker
    12 | D        | Gained mutation: You regenerate a little health from kills.
                  | [demonic ancestry]
    12 | D        | Reached XP level 13. HP: 125/125 MP: 13/13
    12 | D        | Reached XP level 14. HP: 133/133 MP: 14/14
    12 | D        | Noticed a bag of meat
    13 | D        | Noticed a bag of meat
    13 | D        | Noticed a bag of meat
    13 | D        | Noticed a bag of meat
    14 | D        | Killed a meat berserker
    14 | D        | Gained mutation: You have an unnaturally thin skeletal
                  | structure. (Dex +6, Stealth++) [demonic ancestry]
    14 | D        | Reached XP level 15. HP: 28/144 MP: 15/15
    14 | D        | Reached ** piety under Makhleb
    17 | D        | Gained mutation: Your flesh is cold resistant. (rC+)
                  | [demonic ancestry]
    17 | D        | Reached XP level 16. HP: 73/157 MP: 16/16
    17 | D        | Reached *** piety under Makhleb
    18 | D        | Noticed a meat berserker
    18 | D        | Noticed a meat berserker
    19 | D        | Gained mutation: You are immune to freezing clouds.
                  | [demonic ancestry]
    19 | D        | Reached XP level 17. HP: 169/169 MP: 17/17
    19 | D        | Noticed a meat berserker
    20 | D        | Noticed a large bag of meat
    20 | D        | Reached **** piety under Makhleb
    21 | D        | Noticed a destroyer
    21 | D        | Noticed a meat berserker
    22 | D        | Killed a meat berserker
    22 | D        | Reached skill level 27 in Fighting
    22 | D        | Killed a meat berserker
    22 | D        | Reached skill level 27 in Axes
    22 | D        | Reached skill level 27 in Dodging
    22 | D        | Reached XP level 18. HP: 182/182 MP: 18/18
    22 | D        | Noticed a meat berserker
    24 | D        | Killed a meat berserker
    24 | D        | Reached skill level 27 in Throwing
    24 | D        | Killed a large bag of meat
    24 | D        | Gained mutation: You have hooves in place of feet. [demonic
                  | ancestry]
    24 | D        | Reached XP level 19. HP: 189/189 MP: 19/19
    24 | D        | Noticed a meat berserker
    25 | D        | Killed a meat berserker
    25 | D        | Reached ***** piety under Makhleb
    25 | D        | Reached skill level 27 in Unarmed Combat
    25 | D        | Noticed a destroyer
    26 | D        | Noticed a meat berserker
    26 | D        | Noticed a large bag of meat
    26 | D        | Noticed a meat berserker
    26 | D        | Noticed a meat berserker
    27 | D        | Killed a meat berserker
    27 | D        | Reached XP level 20. HP: 197/197 MP: 20/20
    27 | D        | Noticed a meat berserker
    27 | D        | Noticed a meat berserker
    27 | D        | Noticed a meat berserker
    28 | D        | Noticed a destroyer
    28 | D        | Noticed a meat berserker
    30 | D        | Killed a meat berserker
    30 | D        | Reached skill level 27 in Armour
    30 | D        | Killed a destroyer
    30 | D        | Reached skill level 27 in Stealth
    30 | D        | Reached skill level 1 in Spellcasting
    30 | D        | Reached XP level 21. HP: 204/204 MP: 20/23
    30 | D        | Reached ****** piety under Makhleb
    30 | D        | Noticed a destroyer
    32 | D        | Killed a destroyer
    32 | D        | Reached skill level 27 in Spellcasting
    32 | D        | Reached XP level 22. HP: 212/212 MP: 20/53
    32 | D        | Reached skill level 27 in Invocations
    33 | D        | Reached XP level 23. HP: 219/219 MP: 20/54
    34 | D        | Killed a destroyer
    35 | D        | Gained mutation: A frigid envelope surrounds you and
                  | freezes all who hurt you. [demonic ancestry]
    35 | D        | Reached XP level 24. HP: 227/227 MP: 21/54
    35 | D        | Noticed a destroyer
    36 | D        | Killed a destroyer
    36 | D        | Killed a large bag of meat
    36 | D        | Gained mutation: You regenerate health from kills. [demonic
                  | ancestry]
    36 | D        | Reached XP level 25. HP: 234/234 MP: 21/54
    36 | D        | Noticed a destroyer
    41 | D        | Gained mutation: You regenerate a lot of health from kills.
                  | [demonic ancestry]
    41 | D        | Reached XP level 26. HP: 242/242 MP: 22/54
    42 | D        | Killed a destroyer
    43 | D        | Killed a destroyer
    43 | D        | Reached XP level 27. HP: 249/249 MP: 23/54
    45 | D        | Noticed an accursed
    45 | D        | Noticed a destroyer
    46 | D        | Noticed a large bag of meat
    46 | D        | Noticed a destroyer
    47 | D        | Noticed a tyrant
    48 | D        | Noticed a destroyer
    50 | D        | Noticed a tyrant
    50 | D        | Killed a destroyer
    50 | D        | Noticed a destroyer
    53 | D        | Noticed a tyrant
    54 | D        | Noticed a tyrant
    55 | D        | Killed a destroyer
    56 | D        | Killed a large bag of meat
    56 | D        | Killed a destroyer
    56 | D        | Noticed a destroyer
    56 | D        | Noticed an accursed
    58 | D        | Killed a tyrant
    59 | D        | Killed an accursed
    59 | D        | Killed a tyrant
    59 | D        | Noticed a large bag of meat
    59 | D        | Noticed a large bag of meat
    60 | D        | Killed a tyrant
    60 | D        | Noticed a meat beast
    61 | D        | Killed a destroyer
    61 | D        | Noticed a destroyer
    62 | D        | Killed a destroyer
    62 | D        | Noticed a destroyer
    62 | D        | Noticed a destroyer
    63 | D        | Killed a meat beast
    64 | D        | Killed a destroyer
    66 | D        | Killed a tyrant
    67 | D        | Noticed a tyrant
    69 | D        | Killed a large bag of meat
    71 | D        | Noticed a dread
    71 | D        | Killed an accursed
    71 | D        | Noticed a meat beast
    72 | D        | Killed a destroyer
    72 | D        | Noticed a dread
    72 | D        | Noticed a tyrant
    72 | D        | Noticed a destroyer
    72 | D        | Noticed a destroyer
    73 | D        | Killed a destroyer
    73 | D        | Noticed a meat beast
    74 | D        | Noticed a meat beast
    75 | D        | Noticed a meat beast
    75 | D        | Noticed a tyrant
    76 | D        | Noticed The Captor
    77 | D        | Killed a meat beast
    77 | D        | Killed a large bag of meat
    77 | D        | Noticed a large bag of meat
    78 | D        | Killed a meat beast
    79 | D        | Noticed a destroyer
    79 | D        | Noticed a large bag of meat
    80 | D        | Killed a meat beast
    81 | D        | Killed a dread
    82 | D        | Noticed a meat beast
    82 | D        | Killed a meat beast
    82 | D        | Noticed a dread
    83 | D        | Killed a meat beast
    83 | D        | Killed a destroyer
    83 | D        | Noticed a large bag of meat
    84 | D        | Killed a tyrant
    84 | D        | Killed a destroyer
    84 | D        | Noticed a large bag of meat
    85 | D        | Killed a dread
    85 | D        | Killed The Captor
    86 | D        | Killed a destroyer
    87 | D        | Killed a tyrant
    88 | D        | Noticed a destroyer
    89 | D        | Killed a tyrant
    89 | D        | Noticed a destroyer
    90 | D        | Noticed a tyrant
    90 | D        | Noticed a dread
    91 | D        | Killed a destroyer
    92 | D        | Noticed a dread
    92 | D        | Noticed an accursed
    95 | D        | Killed a dread
    96 | D        | Noticed a meat beast
    97 | D        | Noticed a large bag of meat
    97 | D        | Noticed an accursed
    98 | D        | HP: 6/244 [something (12)]
    98 | D        | Noticed a large bag of meat
    99 | D        | Killed a large bag of meat
    99 | D        | Noticed an accursed
   100 | D        | Killed a destroyer
   100 | D        | Killed a large bag of meat
   100 | D        | Killed a large bag of meat
   100 | D        | Noticed a meat beast
   101 | D        | Killed a meat beast
   102 | D        | Noticed a meat beast
   102 | D        | Noticed a meat beast
   102 | D        | Noticed a meat beast
   103 | D        | HP: 7/244 [accursed/divine providence (9)]
   103 | D        | Killed from afar by an accursed

Skill      XL: |  1  2  3  4  5  6  7  8  9 10 11 12 13 14 15 16 17 18 19 20 21 22 |
---------------+-------------------------------------------------------------------+-----
Fighting       | 14 16 19 21 23 25 27 | 27.0
Axes           | 13 15 18 19 22 23 27 | 27.0
Throwing       | 13 15 18 19 21 23 26 27 | 27.0
Dodging        | 13 15 18 19 22 23 27 | 27.0
Unarmed Combat | 23 27 | 27.0
Armour         | 22 27 | 27.0
Stealth        | 27 | 27.0
Spellcasting   | 1 27 | 27.0
Invocations    | 19 27 | 27.0

Action                   |  1- 3 |  4- 6 |  7- 9 | 10-12 | 13-15 | 16-18 | 19-21 | 22-24 | 25-27 || total
-------------------------+-------+-------+-------+-------+-------+-------+-------+-------+-------++-------
Melee: Executioner's axe |     1 |       |       |     2 |     3 |     4 |     7 |     4 |    63 ||    84
Dodge: Dodged            |       |       |       |       |     1 |     3 |       |       |    10 ||    14
